 Dungeon Crawl Stone Soup version 0.24-a0-179-g7a2c91a (webtiles) character file.

Game seed: 952259466409670203

112 Inarius the Sneak (level 4, 0/33 HPs)
             Began as a Demonspawn Assassin on Mar 13, 2019.
             Slain by an ice beast (12 damage)
             ... on level 3 of the Dungeon.
             The game lasted 00:04:30 (4056 turns).

Inarius the Sneak (Demonspawn Assassin)             Turns: 4056, Time: 00:04:31

Health: 0/33       AC:  5    Str: 11    XL:     4   Next: 63%
Magic:  4/4        EV: 12    Int: 12    God:
Gold:   193        SH:  0    Dex: 16    Spells: 3/3 levels left

rFire    . . .     SeeInvis .   a - +2 dagger
rCold    . . .     Gourm    +   (no shield)
rNeg     . . .     Faith    .   p - +0 leather armour
rPois    .         Spirit   .   (no helmet)
rElec    .         Reflect  .   d - +0 cloak
rCorr    .         Harm     .   q - +0 pair of gloves
MR       .....                  (no boots)
Stlth    +++.......             t - amulet of the gourmand
HPRegen  0.11/turn              c - ring of flight
MPRegen  0.09/turn              (no ring)

@: no status effects
A: powered by pain 1, rot immunity
a: Evoke Flight


You were on level 3 of the Dungeon.
You were very full.

You visited 1 branch of the dungeon, and saw 3 of its levels.

You collected 193 gold pieces.

Inventory:

Hand Weapons
 a - a +2 dagger (weapon)
 b - a +0 blowgun
Missiles
 e - 16 poisoned needles
 f - 2 curare-tipped needles
Armour
 d - a +0 cloak (worn)
 p - a +0 leather armour (worn)
 q - a +0 pair of gloves (worn)
Jewellery
 c - a ring of flight (left hand)
 t - an amulet of the gourmand (around neck)
Wands
 u - a wand of paralysis (8)
Scrolls
 j - 2 scrolls of remove curse {unknown}
 k - a scroll of enchant armour {unknown}
 l - 2 scrolls of magic mapping {unknown}
 o - a scroll of teleportation {unknown}
 r - a scroll of identify {unknown}
 s - a scroll of random uselessness {unknown}
Potions
 h - 2 potions of agility {unknown}
 i - a potion of haste {unknown}
 m - a potion of curing {unknown}
 n - a potion of flight {unknown}
 v - a potion of magic {unknown}
Comestibles
 g - 6 rations


   Skills:
 + Level 2.3 Fighting
 + Level 2.5 Short Blades
 + Level 2.1 Throwing
 + Level 0.8 Armour
 + Level 1.6 Dodging
 + Level 4.6 Stealth


You had 3 spell levels left.
You didn't know any spells.
Your spell library was empty.

Dungeon Overview and Level Annotations

Branches:
Dungeon (3/15)

Altars:
Cheibriados
Xom
The Shining One


Innate Abilities, Weirdness & Mutations

You sometimes gain a little power by taking damage.
You are immune to rotting.


Message History

The ice beast is almost dead.
You barely miss the ice beast.
The ice beast is almost dead.
The ice beast closely misses you.
You hit the ice beast.
The ice beast is almost dead.
The ice beast hits you. The ice beast freezes you.
You hit the ice beast.
The ice beast is almost dead.
The ice beast barely misses you.
You hit the ice beast.
The ice beast is almost dead.
The ice beast hits you. The ice beast freezes you!
You are too injured to fight recklessly!
You are too injured to fight recklessly!
You are too injured to fight recklessly!
You hit the ice beast but do no damage.
The ice beast is almost dead.
The ice beast hits you. The ice beast freezes you!
You die...

#.# #.# #.##÷## #.###
#.#####.##.# #...# #.......##.#
###.# ##########.# #w# #.# #.#
###...### #.# ##########..⌠...###
#.# #.....Y.##........#### #.#
#@..#...........#. #####.##
#.###........⌠.##.
.......#####.###.##.....⌠.....#..
#..#...)...#..##.##.⌠........##..
#. #.......#.g##.............#...
# ###...####.##.###....)...##...
......#..##.# ###...⌠..#....
g..#...#...... ###...##.⌠..
###+#+###..####. ###.'.....


You could see an ice beast.

Vanquished Creatures
  Natasha (D:3)
  4 adders
  2 worms (D:3)
  A dart slug (D:2)
  3 bats
  5 goblins
  7 hobgoblins
  8 jackals
  2 frilled lizards (D:2)
  6 kobolds
  A rat (D:3)
40 creatures vanquished.

Notes
Turn   | Place    | Note
-------+----------+-------------------------------------------
     0 | D:1      | Inarius the Demonspawn Assassin began the quest for the
                  | Orb.
     0 | D:1      | Reached XP level 1. HP: 16/16 MP: 1/1
   259 | D:1      | Reached skill level 1 in Dodging
   266 | D:1      | Reached skill level 4 in Stealth
   278 | D:1      | Gained mutation: You are immune to rotting. [demonic
                  | ancestry]
   278 | D:1      | Reached XP level 2. HP: 9/22 MP: 2/2
  1975 | D:2      | Found a snail-covered altar of Cheibriados.
  2099 | D:2      | Gained mutation: You sometimes gain a little power by
                  | taking damage. [demonic ancestry]
  2099 | D:2      | Reached XP level 3. HP: 23/27 MP: 3/3
  2258 | D:2      | Found a shimmering altar of Xom.
  2258 | D:2      | Found a glowing golden altar of the Shining One.
  2591 | D:3      | Noticed Natasha
  2601 | D:3      | Killed Natasha
  3177 | D:3      | Reached XP level 4. HP: 29/33 MP: 4/4
  4045 | D:3      | Noticed an ice beast
  4056 | D:3      | Slain by an ice beast

Levels and vault maps discovered:
D:1:      evilmike_arrival_plus, layout_basic
D:2:      layout_basic, kennysheep_slug_shrine, gammafunk_temple_overflow_wave,
          serial_forest, infiniplex_forest_straight_2,
          infiniplex_forest_zigzag_1, infiniplex_forest_lined_corner,
          infiniplex_forest_lined_2, infiniplex_forest_clump_medium,
          infiniplex_forest_lined_2, infiniplex_forest_clump_double,
          infiniplex_forest_clump_small, infiniplex_forest_corner_1,
          first_ration
D:3:      minmay_skewed_foursquare, layout_loops_ring, hangedman_ru_absence,
          uniq_natasha

Skill      XL: |  1  2  3  4 |
---------------+-------------+-----
Dodging        | 1 |  1.6
Stealth        | 4 |  4.6
Short Blades   | 2 |  2.5
Throwing       | 2 |  2.1
Fighting       | |  2.3
Armour         | |  0.8

Action                   |  1- 3 |  4- 6 || total
-------------------------+-------+-------++-------
Melee: Dagger            |   201 |    74 ||   275
 Fire: Blowgun           |     9 |     5 ||    14
 Stab: Sleeping          |     5 |     4 ||     9
  Eat: Chunk             |     4 |     9 ||    13
       Ration            |     1 |       ||     1
Armor: Robe              |    12 |       ||    12
       Leather armour    |    10 |    13 ||    23
Dodge: Dodged            |    54 |    31 ||    85

Table legend:
 A = Non-vault XP
 B = Vault XP
 C = Vault XP percentage of total XP
 D = Non-vault monster count
 E = Vault monster count
 F = Vault count percentage of total count
                 A         B        C        D         E       F
            +---------+---------+-------+---------+---------+-------
      Total |     102 |      58 |  36.2 |      35 |       5 |  12.5
            +---------+---------+-------+---------+---------+-------
        D:1 |      24 |       0 |   0.0 |      13 |       0 |   0.0
        D:2 |      22 |       4 |  15.4 |       7 |       1 |  12.5
        D:3 |      56 |      54 |  49.1 |      15 |       4 |  21.1
            +---------+---------+-------+---------+---------+-------
